 Dungeon Crawl Stone Soup version 0.18.1-8-gdd0e5ea (webtiles) character file.

10 jacquesderrida the Charmwright (level 2, 10/22 HPs)
             Began as a Demonspawn Skald on May 27, 2016.
             Quit the game on level 1 of the Dungeon.
             The game lasted 00:00:26 (292 turns).

jacquesderrida the Charmwright (Demonspawn Skald)    Turns: 292, Time: 00:00:27

Health: 10/22      AC:  3    Str: 12    XL:     2   Next: 10%
Magic:  5/5        EV: 11    Int: 13    God:
Gold:   0          SH:  0    Dex: 12    Spells: 1 memorised, 4 levels left

rFire  . . .     SeeInvis .     a - +0 spear
rCold  . . .     Gourm    .     b - +0 leather armour
rNeg   . . .     Faith    .     (no shield)
rPois  .         Spirit   +     (no helmet)
rElec  .         Dismiss  .     (no cloak)
rCorr  .         Reflect  .     (no gloves)
SustAt .         Harm     +     (no boots)
MR     .....                    m - amulet of harm
Stlth  +.........               (no ring)
                                (no ring)

@: very slightly contaminated, not resistant to hostile enchantments, very
unstealthy
A: magic shield
a: no special abilities


You were on level 1 of the Dungeon.
You were not hungry.

You visited 1 branch of the dungeon, and saw 1 of its levels.

Inventory:

Hand Weapons
 a - a +0 spear (weapon)
Armour
 b - a +0 leather armour (worn)
Jewellery
 i - an uncursed amulet of dismissal
 m - an amulet of harm (around neck)
Scrolls
 e - 2 scrolls of identify {unknown}
 h - a scroll of enchant armour {unknown}
 j - a scroll of noise {unknown}
 l - a scroll of random uselessness {unknown}
Potions
 g - a potion of cure mutation {unknown}
 k - a potion of haste {unknown}
Books
 c - a book of Battle

   Spells                             Type                      Level
   a - Infusion                       Charms                       1
   b - Shroud of Golubria             Charms/Translocation         2
   c - Song of Slaying                Charms                       2
   d - Spectral Weapon                Hexes/Charms                 3
   e - Regeneration                   Charms/Necromancy            3
Comestibles
 d - a bread ration
 f - a meat ration


   Skills:
 + Level 2.0 Fighting
 + Level 2.0 Polearms
 + Level 0.8 Armour
 + Level 0.8 Dodging
 + Level 2.2 Spellcasting
 + Level 2.9 Charms


You had 4 spell levels left.
You knew the following spells:

 Your Spells              Type           Power        Failure   Level  Hunger
a - Infusion              Chrm           #...         12%         1    ##.....


Dungeon Overview and Level Annotations

Branches:
Dungeon (1/15)

Altars:


Innate Abilities, Weirdness & Mutations

When hurt, damage is shared between your health and your magic reserves.


Message History

You kill the bat!
No target in view!
No target in view!
Casting: Infusion
Confirm with . or Enter, or press ? or * to list all spells.
You miscast Infusion.
You are very lightly contaminated with residual magic.
Nothing appears to happen.
Casting: Infusion
Confirm with . or Enter, or press ? or * to list all spells.
You don't know that spell.
Casting: Infusion
Confirm with . or Enter, or press ? or * to list all spells.
You don't know that spell.
m - a glowing lapis lazuli amulet Put on which piece of jewellery? (? for menu, Esc to quit)
You remove your amulet of dismissal.
m - an amulet of harm (around neck) Magic restored.
Are you sure you want to abandon this character and quit the game? (Confirm with "yes".)

.......#
#.###.###...........####
.......# #.....#
#.#.........# # .......#
####### #.#.........# #
..#....#
#.#...##########
#.#......# #..
#.....#### #.# ###.#.#
#.# #########.#.# #..
#....@..).#.# #..
#...).....#.#### #..
.................# ##.
..#..............# #. .
#..............# ##
#.(..............
#..........######
#..........#
..........##


There were no monsters in sight!

Vanquished Creatures
  A giant gecko (D:1)
  3 bats (D:1)
  A giant cockroach (D:1)
  A kobold (D:1)
  3 rats (D:1)
9 creatures vanquished.

Notes
Turn   | Place    | Note
--------------------------------------------------------------
     0 | D:1      | jacquesderrida the Demonspawn Skald began the quest for the Orb.
     0 | D:1      | Reached XP level 1. HP: 16/16 MP: 3/3
   262 | D:1      | Gained mutation: When hurt, damage is shared between your health and your magic reserves. [demonic ancestry]
   262 | D:1      | Reached XP level 2. HP: 9/22 MP: 5/5
   292 | D:1      | Quit the game

Skill      XL: |  1 |
---------------+----+-----
Polearms       | 2 |  2.0
Fighting       | |  2.0
Armour         | |  0.8
Dodging        | |  0.8
Spellcasting   | |  2.2
Charms         | |  2.9

Action                   || total
-------------------------++-------
Melee: Spear             ||    27
Armor: Leather armour    ||    11
Dodge: Dodged            ||    18
